 Dungeon Crawl Stone Soup version 0.17.1-3-g152610e (webtiles) character file.

114 Zhenya25pyc the Skirmisher (level 4, -6/41 HPs)
             Began as a Hill Orc Fighter on Apr 7, 2016.
             Mangled by an orc priest
             ... wielding a +2 hand axe of electrocution
              (13 damage)
             ... on level 3 of the Dungeon.
             The game lasted 00:06:16 (1619 turns).

Zhenya25pyc the Skirmisher (Hill Orc Fighter)       Turns: 1619, Time: 00:06:20

Health: -6/41      AC:  5    Str: 19    XL:     4   Next: 97%
Magic:  4/4        EV:  8    Int:  8    God:
Gold:   72         SH:  9    Dex: 10    Spells: 0 memorised, 3 levels left

rFire  . . .     SeeInvis .     a - +0 war axe
rCold  . . .     Clarity  .     n - +0 ring mail (curse)
rNeg   . . .     SustAt   .     c - +0 shield
rPois  .         Gourm    .     (no helmet)
rElec  .         Spirit   .     (no cloak)
rCorr  .         Warding  .     (no gloves)
rMut   .         Stasis   .     (no boots)
MR     .....                    i - amulet of regeneration
Stlth  ..........               (no ring)
                                o - ring of loudness (curse)

@: drained, not resistant to hostile enchantments, extremely unstealthy
A: no striking features
a: Convert to Beogh


You were on level 3 of the Dungeon.
You were not hungry.

You visited 1 branch of the dungeon, and saw 3 of its levels.

You collected 76 gold pieces.
You donated 4 gold pieces to Zin.

Inventory:

Hand Weapons
 a - a +0 war axe (weapon)
Armour
 b - a +0 scale mail
 c - a +0 shield (worn)
 n - a cursed +0 ring mail (worn)
Jewellery
 i - an amulet of regeneration (around neck)
 o - a cursed ring of loudness (left hand)
Scrolls
 g - 3 scrolls of identify {unknown}
 h - a scroll of fog {unknown}
 j - 4 scrolls of recharging {unknown}
 k - a scroll of enchant weapon {unknown}
 l - a scroll of blinking {unknown}
 m - a scroll of teleportation {unknown}
 q - a scroll of remove curse {unknown}
 t - a scroll of amnesia {unknown}
 u - a scroll of enchant armour {unknown}
Potions
 d - a potion of might
 e - a potion of cure mutation {unknown}
 f - 2 potions of ambrosia {unknown}
 r - 2 potions of haste {unknown}
Comestibles
 p - a meat ration
 s - 3 chunks of flesh


   Skills:
 + Level 4.6(3.6) Fighting
 + Level 3.6(2.6) Axes
 + Level 4.1(3.1) Armour
 + Level 4.1(3.1) Shields


You had 3 spell levels left.
You didn't know any spells.

Dungeon Overview and Level Annotations

Branches:
Dungeon (3/15)

Altars:
Zin


Message History

The orc priest calls down the wrath of Beogh upon you.
You barely resist. You slash the orc priest!
The orc priest is severely wounded.
You slash the jackal!
You kill the jackal!
The bat hits you but does no damage. You block the orc priest's attack.
You closely miss the orc priest.
The orc priest is severely wounded.
You closely miss the bat. You block the bat's attack.
The orc priest hits you with a hand axe of electrocution. x2
You are electrocuted!
* * * LOW HITPOINT WARNING * * *
You hit the orc priest.
The orc priest is severely wounded.
You hit the bat.
You kill the bat!
The orc priest hits you but does no damage.
You are electrocuted!
You die...

#.#.#..(.#.####.#...)######.##
#.#.#....#>.........(........
#.#.#.......###.##...#...##.#
#.#.#.......# #.##...#...#
#.#.#.......###.##...#...#
#.#.).......#.######...#
#.(.........'..........#
##...##....o###.......##
+....+.....@o'.......+
#...##.....###.......#
#...######## #......)# #...#
#.......# ##### #.......####
#..........# ####.o.....#
#o......# #.......#


You could see an orc priest and an orc.

Vanquished Creatures
  4 adders
  An ooze (D:1)
  4 worms
  An orc (D:3)
  A ball python (D:1)
  5 goblins
  3 hobgoblins
  3 quokkas
  12 bats
  2 giant geckos (D:1)
  2 giant newts (D:1)
  9 jackals
  10 kobolds
  8 rats
65 creatures vanquished.

Notes
Turn   | Place    | Note
--------------------------------------------------------------
     0 | D:1      | Zhenya25pyc the Hill Orc Fighter began the quest for the Orb.
     0 | D:1      | Reached XP level 1. HP: 19/19 MP: 1/1
   148 | D:1      | Reached skill level 4 in Fighting
   148 | D:1      | Reached XP level 2. HP: 22/27 MP: 2/2
   534 | D:1      | Reached XP level 3. HP: 33/33 MP: 3/3
   885 | D:2      | Found a faded altar to an unknown god.
   892 | D:2      | Became a worshipper of Zin the Law-Giver
   892 | D:2      | Reached * piety under Zin
   893 | D:2      | Fell from the grace of Zin
  1139 | D:2      | Reached XP level 4. HP: 40/40 MP: 4/4
  1619 | D:3      | Mangled by an orc priest

Action                   |  1- 3 |  4- 6 || total
-------------------------+-------+-------++-------
Melee: War axe           |   142 |   102 ||   244
Invok: Renounce Religion |     1 |       ||     1
  Eat: Bread ration      |     1 |       ||     1
